[Event "EYCC Open-U12 2019"]
[Site "Bratislava"]
[Date "2019.08.07"]
[Round "6.20"]
[White "Codreanu, Marius"]
[Black "Navumenka, Mikhei"]
[Result "0-1"]
[ECO "C13"]
[WhiteElo "1834"]
[BlackElo "2196"]
[Annotator "NA"]
[PlyCount "118"]
[EventDate "2019.08.02"]
[EventType "swiss"]
[EventCountry "SVK"]
[SourceTitle "playchess.com"]
[Source "ChessBase"]
[SourceQuality "1"]
[TimeControl "40/5400+30:1800+30"]

1. e4 e6 2. d4 d5 3. Nc3 Nf6 4. Bg5 Be7 5. e5 Ne4 6. Bxe7 Qxe7 7. Bd3 Nxc3 8. bxc3 c5 9. f4 Nc6 10. Nf3 cxd4 11. cxd4 Qb4+ 12. Qd2 Qxd2+ 13. Kxd2 Bd7 14. Rab1 Na5 15. Ke2 Ke7 16. Nd2 Rac8 17. Rhc1 Bc6 18. g3 Rhd8 19. c3 b6 20. Nb3 Nc4 21. Nd2 Bb7 22. f5 Ba6 23. fxe6 fxe6 24. Nxc4 Bxc4 25. Rb4 Bxd3+ 26. Kxd3 Rf8 27. Ke2 Rf5 28. Rbb1 Kd7 29. a4 Rcf8 30. Kd3 Rf2 31. Re1 Rxh2 32. a5 Rf3+ 33. Re3 Rff2 34. Ree1 Kc6 35. axb6 axb6 36. Rf1 Rd2+ 37. Ke3 h5 38. Kf4 Rd3 39. Rb3 Kc7 40. g4 hxg4 41. Kxg4 Rhh3 42. Rg1 Kc6 43. Kg5 Rhg3+ 44. Rxg3 Rxg3+ 45. Kh4 Rg1 46. Kh5 g5 47. Kg6 g4 48. Kf6 Kd7 49. Rxb6 Rf1+ 50. Kg5 g3 51. Rb2 Rf2 52. Rb1 g2 53. Rg1 Kc6 54. Kg4 Kb5 55. Kg3 Rb2 56. Kh2 Kc4 57. Ra1 Kxc3 58. Ra6 Kxd4 59. Rxe6 Re2 0-1

[Event "EYCC Open-U12 2019"]
[Site "Bratislava"]
[Date "2019.08.07"]
[Round "6.21"]
[White "Celik, Hasan Huseyin"]
[Black "Bialiauski, Artsiom"]
[Result "1/2-1/2"]
[ECO "C30"]
[WhiteElo "1903"]
[BlackElo "1784"]
[Annotator "NA"]
[PlyCount "114"]
[EventDate "2019.08.02"]
[EventType "swiss"]
[EventCountry "SVK"]
[SourceTitle "playchess.com"]
[Source "ChessBase"]
[SourceQuality "1"]
[TimeControl "40/5400+30:1800+30"]

1. e4 e5 2. f4 Bc5 3. Nf3 d6 4. c3 Nf6 5. Qc2 O-O 6. Bc4 Nc6 7. b4 Bb6 8. b5 Na5 9. Be2 Bg4 10. d3 Bxf3 11. Bxf3 exf4 12. Bxf4 Qd7 13. a4 Qe6 14. Nd2 d5 15. Qa2 c6 16. bxc6 bxc6 17. Bg3 Rfe8 18. h3 Qe7 19. e5 Nd7 20. d4 Qg5 21. Bf2 f6 22. O-O fxe5 23. Bg4 Qe7 24. Rae1 Qd6 25. Bg3 Nf6 26. Bd1 Nd7 27. Bg4 Nf6 28. Bd1 Nd7 29. Kh2 Rad8 30. dxe5 Qe7 31. c4 Nc5 32. cxd5 cxd5 33. Bc2 Ne6 34. Qb1 g6 35. Rf6 Nf8 36. Bh4 Qc7 37. Bg3 Qe7 38. Ref1 Bc7 39. Re1 Nd7 40. Ra6 Bb6 41. Nf3 Rc8 42. Bb3 Nxb3 43. Qxb3 Nc5 44. Qxd5+ Qe6 45. Qxe6+ Rxe6 46. Nd4 Ree8 47. Rxb6 axb6 48. Nb5 Re6 49. Rc1 Rb8 50. Nc7 Re7 51. Nd5 Re6 52. Nc7 Re7 53. Nd5 Re6 54. a5 Nb3 55. Rc7 Nxa5 56. Nf6+ Rxf6 57. exf6 Rf8 1/2-1/2

[Event "EYCC Open-U12 2019"]
[Site "Bratislava"]
[Date "2019.08.07"]
[Round "6.22"]
[White "Krawczyk, Flawian"]
[Black "Konyves, Almos"]
[Result "0-1"]
[ECO "B56"]
[WhiteElo "1848"]
[BlackElo "2104"]
[Annotator "NA"]
[PlyCount "76"]
[EventDate "2019.08.02"]
[EventType "swiss"]
[EventCountry "SVK"]
[SourceTitle "playchess.com"]
[Source "ChessBase"]
[SourceQuality "1"]
[TimeControl "40/5400+30:1800+30"]

1. e4 c5 2. Nf3 Nc6 3. d4 cxd4 4. Nxd4 Nf6 5. Nc3 d6 6. g3 e5 7. Nb3 Be7 8. Bg2 O-O 9. O-O Be6 10. Bg5 Ne8 11. Bxe7 Qxe7 12. Nd5 Bxd5 13. Qxd5 Rc8 14. c3 Nc7 15. Qd2 Rcd8 16. Rad1 Ne6 17. Na1 Nc5 18. Nc2 Qe6 19. b3 Qg6 20. Rfe1 Ne7 21. f4 exf4 22. gxf4 d5 23. c4 Qb6 24. exd5 Nd3+ 25. Re3 Nxf4 26. Qd4 Qh6 27. Rxe7 Nxg2 28. Re4 f5 29. Re2 Nf4 30. Red2 Rde8 31. Ne3 Rxe3 32. Qxe3 Nh3+ 33. Qxh3 Qxh3 34. d6 Qe3+ 35. Kf1 Qf3+ 36. Kg1 Rf6 37. h4 Rg6+ 38. Kh2 Qg3+ 0-1

[Event "EYCC Open-U12 2019"]
[Site "Bratislava"]
[Date "2019.08.07"]
[Round "6.23"]
[White "Wahlgreen, Noah"]
[Black "Nastore, Pavel-Alexandru"]
[Result "0-1"]
[ECO "B90"]
[WhiteElo "1743"]
[BlackElo "2084"]
[Annotator "NA"]
[PlyCount "66"]
[EventDate "2019.08.02"]
[EventType "swiss"]
[EventCountry "SVK"]
[SourceTitle "playchess.com"]
[Source "ChessBase"]
[SourceQuality "1"]
[TimeControl "40/5400+30:1800+30"]

1. e4 c5 2. Nf3 d6 3. d4 cxd4 4. Nxd4 Nf6 5. Nc3 a6 6. Be3 e5 7. Nb3 Be6 8. h3 h5 9. Qf3 Nbd7 10. a4 Rc8 11. Bd3 Be7 12. O-O O-O 13. Rad1 Nb6 14. Rd2 Rxc3 15. Bxb6 Qxb6 16. bxc3 Rc8 17. a5 Qc7 18. c4 Bxc4 19. Bxc4 Qxc4 20. Re1 Qb4 21. Qe3 Rc3 22. Qe2 Rc4 23. f3 Ne8 24. Kh2 Bg5 25. Rd3 Rxc2 26. Qxc2 Qxe1 27. g3 h4 28. gxh4 Be3 29. Rd1 Bf4+ 30. Kg2 Qg3+ 31. Kf1 Qxf3+ 32. Ke1 Qe3+ 33. Kf1 Qxh3+ 0-1

[Event "EYCC Open-U12 2019"]
[Site "Bratislava"]
[Date "2019.08.07"]
[Round "6.24"]
[White "Dovbnia, Nikita"]
[Black "Foerster-Yialamas, Lucas"]
[Result "1/2-1/2"]
[ECO "A04"]
[WhiteElo "1777"]
[BlackElo "2028"]
[Annotator "NA"]
[PlyCount "90"]
[EventDate "2019.08.02"]
[EventType "swiss"]
[EventCountry "SVK"]
[SourceTitle "playchess.com"]
[Source "ChessBase"]
[SourceQuality "1"]
[TimeControl "40/5400+30:1800+30"]

1. Nf3 c5 2. c4 Nc6 3. Nc3 e5 4. g3 d6 5. Bg2 g6 6. O-O Bg7 7. Ne1 Nge7 8. Nc2 Be6 9. Ne3 O-O 10. Ned5 Rb8 11. d3 a6 12. a4 b6 13. Bd2 h6 14. e3 f5 15. Rb1 Nb4 16. Nxb4 cxb4 17. Nd5 a5 18. Nxe7+ Qxe7 19. Qe2 Qd7 20. b3 d5 21. Rfd1 dxc4 22. dxc4 Qe7 23. Bc1 Rfd8 24. Bb2 e4 25. Bd4 h5 26. Qb2 g5 27. Bxg7 Qxg7 28. Rd4 Kh7 29. Rbd1 Rb7 30. Qa1 Rbd7 31. R1d2 g4 32. Qd1 Kg6 33. h4 Kh7 34. Kf1 Qf7 35. Ke1 Kg7 36. Bf1 Qe7 37. Rxd7 Rxd7 38. Rxd7 Qxd7 39. Qd4+ Qxd4 40. exd4 Bd7 41. Kd2 Kf6 42. Be2 Be8 43. Ke3 Bf7 44. Bd1 Be6 45. Kf4 Bf7 1/2-1/2

[Event "EYCC Open-U12 2019"]
[Site "Bratislava"]
[Date "2019.08.07"]
[Round "6.25"]
[White "Pavesi, Brando"]
[Black "Rotunno, Flavio"]
[Result "1-0"]
[ECO "A45"]
[WhiteElo "2109"]
[BlackElo "1819"]
[Annotator "NA"]
[PlyCount "47"]
[EventDate "2019.08.02"]
[EventType "swiss"]
[EventCountry "SVK"]
[SourceTitle "playchess.com"]
[Source "ChessBase"]
[SourceQuality "1"]
[TimeControl "40/5400+30:1800+30"]

1. d4 Nf6 2. Bf4 e6 3. e3 c5 4. Nf3 d5 5. c3 Nc6 6. Nbd2 Bd6 7. Bg3 O-O 8. Bb5 Ne7 9. Bd3 b6 10. e4 dxe4 11. Nxe4 Nf5 12. Nxd6 Nxg3 13. Nxf7 Rxf7 14. hxg3 g6 15. Ne5 Rg7 16. dxc5 bxc5 17. Qe2 Bb7 18. O-O-O Qc7 19. f4 Rb8 20. Rh4 Bc8 21. Bc4 a5 22. Qd2 a4 23. Qd8+ Qxd8 24. Rxd8+ 1-0

[Event "EYCC Open-U12 2019"]
[Site "Bratislava"]
[Date "2019.08.07"]
[Round "6.26"]
[White "Tran, David"]
[Black "Venkatesan, Kavin"]
[Result "1-0"]
[ECO "B23"]
[WhiteElo "2112"]
[BlackElo "1797"]
[Annotator "NA"]
[PlyCount "145"]
[EventDate "2019.08.02"]
[EventType "swiss"]
[EventCountry "SVK"]
[SourceTitle "playchess.com"]
[Source "ChessBase"]
[SourceQuality "1"]
[TimeControl "40/5400+30:1800+30"]

1. e4 c5 2. Nc3 a6 3. g3 b5 4. Bg2 Bb7 5. d3 e6 6. f4 Ne7 7. Be3 d6 8. Nf3 g6 9. O-O Bg7 10. Qd2 f5 11. Ng5 Qc8 12. e5 d5 13. d4 cxd4 14. Qxd4 h6 15. Nf3 O-O 16. a4 Nbc6 17. Qd2 b4 18. Ne2 a5 19. Ned4 Nxd4 20. Nxd4 Ba6 21. Rfd1 Kh7 22. Bf3 Nc6 23. Nb5 Bxb5 24. axb5 Ne7 25. Qd4 Rd8 26. c3 bxc3 27. bxc3 a4 28. Qb4 Rd7 29. Bd4 Rb7 30. Rxa4 Nc6 31. Rxa8 Qxa8 32. Qb2 Nxd4 33. cxd4 Qa4 34. Be2 Qa7 35. Ra1 Qb8 36. Ra6 Rb6 37. Qa3 g5 38. Ra7 gxf4 39. Qe7 Qg8 40. gxf4 Kh8 41. Kf2 Rb8 42. Qf7 Qxf7 43. Rxf7 Kg8 44. Re7 Rb6 45. Rc7 Rb8 46. Rc6 Kf7 47. b6 Ke7 48. Rc7+ Kd8 49. Rxg7 Rxb6 50. Rh7 Rb4 51. Ke3 Rb3+ 52. Bd3 Rb2 53. Rxh6 Kd7 54. Rh7+ Ke8 55. h4 Rh2 56. h5 Rh3+ 57. Kd2 Rh4 58. Bb5+ Kf8 59. Ke3 Rh3+ 60. Kf2 Rh4 61. Kg3 Rg4+ 62. Kf3 Rh4 63. Bd7 Kg8 64. Rh6 Kg7 65. Rg6+ Kh7 66. Bxe6 Rxh5 67. Rg5 Rh3+ 68. Rg3 Rh1 69. Bxf5+ Kh8 70. Rh3+ Rxh3+ 71. Bxh3 Kg7 72. f5 Kf7 73. f6 {[%emt 0:00:06] Ke6} 1-0

[Event "EYCC Open-U12 2019"]
[Site "Bratislava"]
[Date "2019.08.07"]
[Round "6.27"]
[White "Soderstrom, Adrian"]
[Black "Shinkarov, Artem"]
[Result "0-1"]
[ECO "C07"]
[WhiteElo "1970"]
[BlackElo "1798"]
[Annotator "NA"]
[PlyCount "92"]
[EventDate "2019.08.02"]
[EventType "swiss"]
[EventCountry "SVK"]
[SourceTitle "playchess.com"]
[Source "ChessBase"]
[SourceQuality "1"]
[TimeControl "40/5400+30:1800+30"]

1. e4 e6 2. d4 d5 3. Nd2 c5 4. c3 Nc6 5. Ngf3 dxe4 6. Nxe4 cxd4 7. cxd4 Be7 8. Bd3 Nf6 9. O-O O-O 10. Bb1 Nxe4 11. Bxe4 g6 12. Bh6 Re8 13. Rc1 Bf6 14. Qd3 Nxd4 15. Rfd1 e5 16. Nxd4 exd4 17. Qf3 Qe7 18. Bd5 a5 19. g4 Be6 20. Bxb7 Bxg4 21. Qxg4 Qxb7 22. Rd3 Rac8 23. Rcd1 Qxb2 24. Rf3 Qe2 25. Rdd3 Qe6 26. Qf4 Be5 27. Qh4 Bh8 28. Kg2 Qe4 29. Qh3 Rc5 30. Qd7 Qe7 31. Qg4 Qe6 32. Qg3 Be5 33. Qh4 Qe7 34. Bg5 Qe6 35. Bh6 Bh8 36. Qf4 Rf5 37. Qc7 Rh5 38. Bd2 Be5 39. Qb7 Rxh2+ 40. Kf1 Rh1+ 41. Kg2 Rh2+ 42. Kf1 Qxa2 43. Rb3 Rf8 44. Qd5 Qxd2 45. Rbd3 Rh1+ 46. Kg2 Qe1 0-1

[Event "EYCC Open-U12 2019"]
[Site "Bratislava"]
[Date "2019.08.07"]
[Round "6.28"]
[White "Cohen, Elad"]
[Black "Janeczko, Jakub"]
[Result "1/2-1/2"]
[ECO "B38"]
[WhiteElo "2002"]
[BlackElo "1663"]
[Annotator "NA"]
[PlyCount "48"]
[EventDate "2019.08.02"]
[EventType "swiss"]
[EventCountry "SVK"]
[SourceTitle "playchess.com"]
[Source "ChessBase"]
[SourceQuality "1"]
[TimeControl "40/5400+30:1800+30"]

1. Nf3 c5 2. c4 Nc6 3. d4 cxd4 4. Nxd4 g6 5. e4 Bg7 6. Be3 d6 7. Nc3 Nf6 8. Be2 O-O 9. Qd2 Ng4 10. Bxg4 Bxg4 11. O-O Re8 12. f4 Nxd4 13. Bxd4 e5 14. Be3 Be6 15. Nd5 f5 16. fxe5 dxe5 17. Bg5 Qd7 18. Rad1 Qf7 19. Bh6 Bf6 20. Be3 f4 21. Bf2 g5 22. Qb4 Bd8 23. Bc5 g4 24. Qc3 Qg7 1/2-1/2

[Event "EYCC Open-U12 2019"]
[Site "Bratislava"]
[Date "2019.08.07"]
[Round "6.29"]
[White "De Winter, Arthur"]
[Black "Shatil, Shir"]
[Result "1/2-1/2"]
[ECO "B34"]
[WhiteElo "1859"]
[BlackElo "1653"]
[Annotator "NA"]
[PlyCount "69"]
[EventDate "2019.08.02"]
[EventType "swiss"]
[EventCountry "SVK"]
[SourceTitle "playchess.com"]
[Source "ChessBase"]
[SourceQuality "1"]
[TimeControl "40/5400+30:1800+30"]

1. e4 c5 2. Nf3 Nc6 3. d4 cxd4 4. Nxd4 Nf6 5. Nc3 e5 6. Ndb5 d6 7. Nd5 Nxd5 8. exd5 Nb8 9. a4 Be7 10. Be2 O-O 11. O-O Nd7 12. Be3 a6 13. Na3 f5 14. f4 Qc7 15. Nc4 b6 16. fxe5 Nxe5 17. Nxb6 Rb8 18. a5 g5 19. Bd4 Bf6 20. Ra3 f4 21. Kh1 Bb7 22. c4 Nd7 23. Nxd7 Qxd7 24. Bxf6 Rxf6 25. Bg4 Qg7 26. Re1 Bc8 27. Be6+ Bxe6 28. dxe6 Qe7 29. Qd5 Rh6 30. Rd3 g4 31. Qxd6 Rxh2+ 32. Kg1 Rh1+ 33. Kxh1 Qh4+ 34. Kg1 Qxe1+ 35. Kh2 1/2-1/2

[Event "EYCC Open-U12 2019"]
[Site "Bratislava"]
[Date "2019.08.07"]
[Round "6.30"]
[White "Ivanov, Svetlen"]
[Black "Tarhan, Adar"]
[Result "0-1"]
[ECO "D35"]
[WhiteElo "1717"]
[BlackElo "1972"]
[Annotator "NA"]
[PlyCount "144"]
[EventDate "2019.08.02"]
[EventType "swiss"]
[EventCountry "SVK"]
[SourceTitle "playchess.com"]
[Source "ChessBase"]
[SourceQuality "1"]
[TimeControl "40/5400+30:1800+30"]

1. d4 d5 2. c4 e6 3. cxd5 exd5 4. Nc3 Nf6 5. Bg5 Nbd7 6. e3 c6 7. Bd3 Be7 8. Nge2 Nh5 9. Bxe7 Qxe7 10. Qc2 g6 11. g4 Ng7 12. Ng3 Nb6 13. h3 Be6 14. O-O-O O-O-O 15. Kb1 Kb8 16. Rc1 h5 17. f3 Bc8 18. Rce1 hxg4 19. hxg4 Rxh1 20. Nxh1 Rh8 21. Qg2 Ne6 22. Qg3+ Qc7 23. f4 Re8 24. Qf2 Qe7 25. Re2 Rh8 26. Re1 Qh4 27. Rg1 Ng7 28. Qxh4 Rxh4 29. Nf2 Nd7 30. g5 Rh2 31. Ng4 Rh3 32. Bf1 Rh4 33. Bd3 Nf8 34. Ne5 Be6 35. Rg2 Nd7 36. Nxd7+ Bxd7 37. Kc2 Bf5 38. Bxf5 Nxf5 39. Kd2 Rh3 40. Nd1 Kc7 41. Re2 Nd6 42. Nf2 Rh2 43. Nd3 Nc4+ 44. Ke1 Rh3 45. Kf2 Kd7 46. b3 Nd6 47. Kg2 Rh8 48. Ne5+ Ke6 49. Ng4 Kf5 50. Nf6 Ne4 51. Nd7 Rd8 52. Ne5 Nd6 53. Nd3 Rh8 54. Nf2 Re8 55. Kf3 Rh8 56. Kg2 Ne4 57. Nd3 f6 58. gxf6 Kxf6 59. Nf2 Nxf2 60. Kxf2 Kf5 61. Ke1 Ke4 62. Kd2 Rh3 63. Re1 Rg3 64. Re2 Rg1 65. Rf2 Ra1 66. a4 Ra2+ 67. Ke1 Ra3 68. f5 Ra1+ 69. Ke2 Ra2+ 70. Ke1 Rxf2 71. Kxf2 gxf5 72. a5 f4 0-1

[Event "EYCC Open-U12 2019"]
[Site "Bratislava"]
[Date "2019.08.07"]
[Round "6.31"]
[White "Uritsky, Yonathan"]
[Black "Andreev, Konstantin"]
[Result "0-1"]
[ECO "B32"]
[WhiteElo "2040"]
[BlackElo "2271"]
[Annotator "NA"]
[PlyCount "118"]
[EventDate "2019.08.02"]
[EventType "swiss"]
[EventCountry "SVK"]
[SourceTitle "playchess.com"]
[Source "ChessBase"]
[SourceQuality "1"]
[TimeControl "40/5400+30:1800+30"]

1. e4 c5 2. Nf3 Nc6 3. d4 cxd4 4. Nxd4 e5 5. Nb5 a6 6. Nd6+ Bxd6 7. Qxd6 Qf6 8. Qxf6 Nxf6 9. Nc3 d5 10. exd5 Nb4 11. Bd3 Nxd3+ 12. cxd3 Bf5 13. Bg5 Bxd3 14. O-O-O Bg6 15. Rhe1 Nd7 16. b3 O-O 17. Kb2 Rfc8 18. Rd2 Nc5 19. Re3 e4 20. Na4 Nd3+ 21. Rexd3 exd3 22. Nb6 f6 23. Bf4 Re8 24. Nxa8 Rxa8 25. Bc7 Kf7 26. f4 h5 27. h3 h4 28. Kc3 Ke7 29. Rf2 Kd7 30. d6 Be4 31. f5 Re8 32. Rf4 Re5 33. Rxh4 Rc5+ 34. Kd2 Rc2+ 35. Ke1 Bxg2 36. Rd4 d2+ 37. Rxd2 Rxd2 38. Kxd2 Bxh3 39. Ke3 Bxf5 40. Kf4 Be6 41. Kg3 g5 42. Bb8 f5 43. Kf3 Kc6 44. Bc7 Bd5+ 45. Kg3 f4+ 46. Kg4 f3 47. Kg3 g4 48. Bb8 Be6 49. Ba7 Kxd6 50. Kf4 Kc6 51. Bf2 Kb5 52. Ke5 Bg8 53. Be1 Kc5 54. Kf4 Kd4 55. Kxg4 Ke3 56. Kg3 Bd5 57. Bf2+ Kd3 58. a4 a5 59. Bb6 Ke2 0-1

[Event "EYCC Open-U12 2019"]
[Site "Bratislava"]
[Date "2019.08.07"]
[Round "6.32"]
[White "Werner, Hong Quan Dan"]
[Black "Eliseev, Sergey"]
[Result "0-1"]
[ECO "B56"]
[WhiteElo "1734"]
[BlackElo "2053"]
[Annotator "NA"]
[PlyCount "164"]
[EventDate "2019.08.02"]
[EventType "swiss"]
[EventCountry "SVK"]
[SourceTitle "playchess.com"]
[Source "ChessBase"]
[SourceQuality "1"]
[TimeControl "40/5400+30:1800+30"]

1. e4 c5 2. Nf3 d6 3. d4 cxd4 4. Nxd4 Nf6 5. Nc3 Nc6 6. f3 e5 7. Nb3 Be7 8. Be3 Be6 9. Nd5 Bxd5 10. exd5 Nb4 11. c4 a5 12. a3 Na6 13. Bd3 O-O 14. O-O Nd7 15. f4 exf4 16. Bxf4 Qb6+ 17. Kh1 a4 18. Nd4 g6 19. Nb5 Ne5 20. Bxe5 dxe5 21. d6 Bg5 22. Qf3 Nc5 23. Rae1 Rae8 24. Qd5 Qc6 25. Be4 Nxe4 26. Rxe4 Qxd5 27. cxd5 f5 28. Rxa4 Rd8 29. Nc7 e4 30. g3 Bd2 31. Rf2 e3 32. Re2 Rxd6 33. Rd4 Rfd8 34. b4 R8d7 35. Rc4 Kf7 36. Kg2 Re7 37. Rc5 Rdd7 38. Ne6 b6 39. Rb5 Rd6 40. a4 Red7 41. Nf4 Kf6 42. Kf3 g5 43. Nd3 g4+ 44. Kg2 Ra7 45. Nb2 Rc7 46. Nd1 Re7 47. a5 bxa5 48. bxa5 Kg5 49. Nb2 Re4 50. Nd3 Ra4 51. Nf4 Ra6 52. Rb6 R4xa5 53. Rxa6 Rxa6 54. h4+ Kf6 55. Nd3 Rd6 56. Nf4 Ke5 57. Kf1 Rb6 58. Kg2 Ke4 59. Kg1 Kf3 60. Kh2 Ra6 61. Rg2 Rd6 62. Kh1 h6 63. Kg1 Rd8 64. Kh1 Re8 65. Ne6 Ke4 66. Kg1 Re7 67. Nf4 Be1 68. Kf1 Bf2 69. Rxf2 exf2 70. Kxf2 Ra7 71. Ke2 Ra2+ 72. Kd1 Ra4 73. Kc2 Ke5 74. Ne2 Ra2+ 75. Kd3 Rxe2 76. Kxe2 Kxd5 77. Kd3 h5 78. Ke3 Ke5 79. Kf2 Kd4 80. Ke2 Ke4 81. Kf2 Kd3 82. Kg1 Ke2 0-1

[Event "EYCC Open-U12 2019"]
[Site "Bratislava"]
[Date "2019.08.07"]
[Round "6.33"]
[White "Suleymanov, Ali"]
[Black "Culum, Sanjin"]
[Result "1-0"]
[ECO "A45"]
[WhiteElo "1733"]
[BlackElo "1912"]
[Annotator "NA"]
[PlyCount "81"]
[EventDate "2019.08.02"]
[EventType "swiss"]
[EventCountry "SVK"]
[SourceTitle "playchess.com"]
[Source "ChessBase"]
[SourceQuality "1"]
[TimeControl "40/5400+30:1800+30"]

1. d4 Nf6 2. Bf4 e6 3. e3 d5 4. Nf3 Bd6 5. Bg3 O-O 6. Nbd2 c5 7. c3 Qc7 8. Ne5 Nbd7 9. f4 b6 10. Bd3 Bb7 11. Qf3 Rac8 12. Bh4 Rfe8 13. g4 cxd4 14. exd4 Ne4 15. Nxe4 dxe4 16. Bxe4 Bxe4 17. Qxe4 f6 18. Nxd7 Qxd7 19. O-O-O Qa4 20. Kb1 b5 21. Bg3 Qc4 22. Rhe1 Rb8 23. d5 Qc7 24. dxe6 b4 25. c4 b3 26. a3 Rbc8 27. Rc1 Bc5 28. f5 Qa5 29. Qb7 Bxa3 30. Qxb3 Bb4 31. Red1 Rc6 32. Be1 Rb6 33. c5 Rb5 34. e7+ Kh8 35. Bxb4 Rxb4 36. Rd8 h5 37. Rxe8+ Kh7 38. Rh8+ Kxh8 39. e8=Q+ Kh7 40. Qbg8+ Kh6 41. Qg6# 1-0

[Event "EYCC Open-U12 2019"]
[Site "Bratislava"]
[Date "2019.08.07"]
[Round "6.34"]
[White "Stork, Christopher"]
[Black "Leal Prado, David Elias"]
[Result "1-0"]
[ECO "C11"]
[WhiteElo "1905"]
[BlackElo "1741"]
[Annotator "NA"]
[PlyCount "139"]
[EventDate "2019.08.02"]
[EventType "swiss"]
[EventCountry "SVK"]
[SourceTitle "playchess.com"]
[Source "ChessBase"]
[SourceQuality "1"]
[TimeControl "40/5400+30:1800+30"]

1. e4 e6 2. d4 d5 3. Nc3 Nf6 4. e5 Nfd7 5. f4 c5 6. Nf3 a6 7. Be3 Nc6 8. Qd2 b5 9. a3 Bb7 10. Be2 Be7 11. O-O O-O 12. dxc5 Nxc5 13. Rad1 Qc7 14. Nd4 Rfd8 15. Nxc6 Bxc6 16. Bd4 Rd7 17. b4 Ne4 18. Nxe4 dxe4 19. Qe3 Qb7 20. f5 exf5 21. Qg3 g6 22. e6 Rdd8 23. exf7+ Kxf7 24. Rxf5+ Kg8 25. Qe5 Rxd4 26. Qe6+ Kh8 27. Rf7 Rxd1+ 28. Bxd1 Qa7+ 29. Kf1 Qd4 30. Qxe7 Qxd1+ 31. Kf2 e3+ 32. Kg3 Qe1+ 33. Kh3 Bxg2+ 34. Kxg2 Qe2+ 35. Kg3 Qf2+ 36. Rxf2 exf2 37. Kxf2 Kg8 38. Qe6+ Kg7 39. Qe5+ Kh6 40. Qd6 Kg7 41. Qe7+ Kh6 42. Ke3 Rc8 43. Kd3 Rc4 44. Qf6 Rg4 45. Qxa6 Rg5 46. Qd6 Rf5 47. Qg3 Kg7 48. c4 bxc4+ 49. Kxc4 h5 50. b5 g5 51. b6 h4 52. Qc7+ Kg6 53. b7 Rf1 54. Qd6+ Kh5 55. Qd3 Rf8 56. Qe2+ Kg6 57. Qe5 Kf7 58. Qf5+ Kg7 59. Qxf8+ Kxf8 60. b8=Q+ Ke7 61. Kd5 g4 62. Qd6+ Kf7 63. Qe6+ Kg7 64. Ke5 g3 65. hxg3 hxg3 66. Qf6+ Kg8 67. Ke6 g2 68. Qg6+ Kh8 69. Kf7 g1=R 70. Qh6# 1-0

[Event "EYCC Open-U12 2019"]
[Site "Bratislava"]
[Date "2019.08.07"]
[Round "6.35"]
[White "Valiyev, Shahin"]
[Black "Snitsarenko, Igor"]
[Result "1-0"]
[ECO "B47"]
[WhiteElo "1830"]
[BlackElo "1481"]
[Annotator "NA"]
[PlyCount "99"]
[EventDate "2019.08.02"]
[EventType "swiss"]
[EventCountry "SVK"]
[SourceTitle "playchess.com"]
[Source "ChessBase"]
[SourceQuality "1"]
[TimeControl "40/5400+30:1800+30"]

1. e4 c5 2. Nf3 e6 3. d4 cxd4 4. Nxd4 Nc6 5. Nc3 Qc7 6. g3 a6 7. Bg2 Nf6 8. O-O Be7 9. Nxc6 bxc6 10. b3 O-O 11. Bb2 Bb7 12. Re1 d5 13. e5 Nd7 14. f4 c5 15. Qe2 Rac8 16. Bf3 Nb6 17. Qg2 Bc6 18. Ne2 d4 19. Bxc6 Qxc6 20. Qxc6 Rxc6 21. Rad1 Rd8 22. Kh1 Rc7 23. a3 Rcd7 24. Rd2 Kf8 25. Red1 Ke8 26. Kg2 Nd5 27. Kf3 f6 28. exf6 Bxf6 29. Ba1 Ne3 30. Re1 Kf7 31. c3 Nf5 32. cxd4 cxd4 33. g4 Bh4 34. Rc1 d3 35. gxf5 dxe2 36. fxe6+ Kxe6 37. Rxe2+ Kf7 38. Kg4 Be7 39. b4 Rd3 40. Rc7 h5+ 41. Kxh5 Rh8+ 42. Kg4 Rh4+ 43. Kf5 g6+ 44. Ke4 Rxa3 45. Bb2 Rb3 46. Kd5 Rh5+ 47. Kc6 Rxb4 48. Rexe7+ Kf8 49. Bg7+ Kg8 50. Re8+ 1-0

[Event "EYCC Open-U12 2019"]
[Site "Bratislava"]
[Date "2019.08.07"]
[Round "6.36"]
[White "Pingin, Artem"]
[Black "Aasen, Joakim"]
[Result "1-0"]
[ECO "A37"]
[WhiteElo "2155"]
[BlackElo "1718"]
[Annotator "NA"]
[PlyCount "85"]
[EventDate "2019.08.02"]
[EventType "swiss"]
[EventCountry "SVK"]
[SourceTitle "playchess.com"]
[Source "ChessBase"]
[SourceQuality "1"]
[TimeControl "40/5400+30:1800+30"]

1. c4 c5 2. Nc3 g6 3. g3 Bg7 4. Bg2 Nc6 5. Nf3 e5 6. O-O Nge7 7. d3 O-O 8. Ne1 d6 9. Nc2 Be6 10. Ne3 Rb8 11. Ned5 a6 12. a4 f5 13. Bd2 h6 14. Rb1 Kh7 15. b4 cxb4 16. Nxb4 Nxb4 17. Rxb4 d5 18. cxd5 Nxd5 19. Nxd5 Bxd5 20. Bxd5 Qxd5 21. Qb3 Qxb3 22. Rxb3 Rfc8 23. Be3 Rc2 24. Rfb1 Rxe2 25. Rxb7 Re1+ 26. Rxe1 Rxb7 27. Rc1 Bf8 28. a5 Rb5 29. Rc7+ Kh8 30. Bd2 Rc5 31. Rb7 Rc6 32. Rb6 Rxb6 33. axb6 Kg7 34. b7 Bd6 35. d4 g5 36. dxe5 Bb8 37. Bb4 Bxe5 38. Bc3 Bxc3 39. b8=Q Kg6 40. Qg8+ Kh5 41. Qf7+ Kg4 42. Kg2 h5 43. h3# 1-0

[Event "EYCC Open-U12 2019"]
[Site "Bratislava"]
[Date "2019.08.07"]
[Round "6.37"]
[White "Georgiev, Konstantin"]
[Black "Gregoric, Andraz"]
[Result "0-1"]
[ECO "A05"]
[WhiteElo "1919"]
[BlackElo "1911"]
[Annotator "NA"]
[PlyCount "76"]
[EventDate "2019.08.02"]
[EventType "swiss"]
[EventCountry "SVK"]
[SourceTitle "playchess.com"]
[Source "ChessBase"]
[SourceQuality "1"]
[TimeControl "40/5400+30:1800+30"]

1. Nf3 Nf6 2. g3 c5 3. c4 g6 4. b3 Nc6 5. Bb2 Bg7 6. Bg2 O-O 7. O-O d6 8. d3 e5 9. Nbd2 Nh5 10. e3 f5 11. Qe2 Qe7 12. Ne1 Bd7 13. Nc2 Rae8 14. Rae1 Nd8 15. Qd1 Bc6 16. Bxc6 Nxc6 17. d4 Nd8 18. b4 e4 19. bxc5 dxc5 20. Ba3 b6 21. Nb3 Qg5 22. dxc5 Bc3 23. Qd5+ Rf7 24. Rd1 Nf6 25. Qd6 Be5 26. Qd2 Ne6 27. Ncd4 Bxd4 28. exd4 Qh5 29. h4 g5 30. d5 Nf4 31. Nd4 Nh3+ 32. Kh1 gxh4 33. Kg2 Rg7 34. Rh1 e3 35. Qc2 Nf4+ 36. Kf1 e2+ 37. Nxe2 Qf3 38. Rh2 Nxe2 0-1

[Event "EYCC Open-U12 2019"]
[Site "Bratislava"]
[Date "2019.08.07"]
[Round "6.38"]
[White "Jetzl, Julian"]
[Black "Cnejev, Vladimir-Alexandru"]
[Result "0-1"]
[ECO "D35"]
[WhiteElo "1719"]
[BlackElo "1907"]
[Annotator "NA"]
[PlyCount "74"]
[EventDate "2019.08.02"]
[EventType "swiss"]
[EventCountry "SVK"]
[SourceTitle "playchess.com"]
[Source "ChessBase"]
[SourceQuality "1"]
[TimeControl "40/5400+30:1800+30"]

1. d4 d5 2. c4 e6 3. Nc3 Nf6 4. cxd5 exd5 5. Bg5 c6 6. e3 Bf5 7. Bd3 Bxd3 8. Qxd3 Nbd7 9. Nge2 Be7 10. O-O O-O 11. Rad1 h6 12. Bh4 Re8 13. f3 a5 14. Bg3 Nb6 15. b3 a4 16. bxa4 Nxa4 17. Nxa4 Rxa4 18. Rb1 b5 19. Nc3 Ra3 20. Rb3 Qa5 21. Rc1 Qa8 22. Be1 Bf8 23. Bd2 Nd7 24. Rcb1 Nb6 25. Rxa3 Qxa3 26. Rb3 Qa8 27. Bc1 Nc4 28. Qe2 Qa7 29. Qf2 g6 30. Nb1 Bg7 31. Na3 Qa5 32. Nxc4 dxc4 33. Ra3 Qb6 34. Rc3 c5 35. dxc5 Qd8 36. Ra3 b4 37. Ra4 Qa8 0-1

[Event "EYCC Open-U12 2019"]
[Site "Bratislava"]
[Date "2019.08.07"]
[Round "6.39"]
[White "Kluehs, Gustaf"]
[Black "Skreko, Igor"]
[Result "1-0"]
[ECO "A37"]
[WhiteElo "1811"]
[BlackElo "1688"]
[Annotator "NA"]
[PlyCount "55"]
[EventDate "2019.08.02"]
[EventType "swiss"]
[EventCountry "SVK"]
[SourceTitle "playchess.com"]
[Source "ChessBase"]
[SourceQuality "1"]
[TimeControl "40/5400+30:1800+30"]

1. Nf3 c5 2. g3 g6 3. Bg2 Bg7 4. c4 Nc6 5. Nc3 e5 6. O-O Nge7 7. d3 O-O 8. Rb1 d6 9. a3 Be6 10. b4 Rb8 11. Bd2 b6 12. Ne1 Qd7 13. Nd5 Bh3 14. b5 Bxg2 15. bxc6 Qh3 16. Nxe7+ Kh8 17. Nxg2 Rbe8 18. Nd5 f5 19. f4 e4 20. Bc3 exd3 21. Bxg7+ Kxg7 22. exd3 h5 23. Re1 h4 24. Qf3 hxg3 25. Qxg3 Qh5 26. c7 Rh8 27. Rxe8 Rxe8 28. Re1 1-0